 Dungeon Crawl Stone Soup version 0.29.1-2-gbd0b4ee654 (webtiles) character file.

Game seed: 12700755624803426329

9 SnakkuSnakku7 the Vexing (level 1, 0/14 HPs)
             Began as a Demigod Enchanter on Nov 29, 2022.
             Slain by a dart slug (2 damage)
             ... on level 1 of the Dungeon.
             The game lasted 00:00:24 (413 turns).

SnakkuSnakku7 the Vexing (Demigod Enchanter)         Turns: 413, Time: 00:00:24

Health: 0/14       AC:  2    Str:  9    XL:     1   Next: 93%
Magic:  5/5        EV: 12    Int: 17    God:
Gold:   26         SH:  0    Dex: 14    Spells: 3/3 levels left

rFire   . . .      SeeInvis .   a - +1 dagger
rCold   . . .      Faith    .   (no shield)
rNeg    . . .      Spirit   .   b - +0 robe
rPois   .          Reflect  .   (no helmet)
rElec   .          Harm     .   (no cloak)
rCorr   .          Rampage  .   (no gloves)
Will    .....                   (no boots)
Stlth   ++........              (no amulet)
HPRegen 0.04/turn               (no ring)
MPRegen 0.09/turn               (no ring)

@: no status effects
A: high MP 1, forlorn, divine attributes
a: no special abilities


You were on level 1 of the Dungeon.
You visited 1 branch of the dungeon, and saw 1 of its levels.

You collected 26 gold pieces.

Inventory:

Hand Weapons
 a - a +1 dagger (weapon)
Armour
 b - a +0 robe (worn)
Scrolls
 d - 3 scrolls of noise {unknown}
Potions
 c - 2 potions of invisibility
 e - a potion of flight {unknown}
 f - 2 potions of heal wounds {unknown}


   Skills:
 - Level 0.8 Short Blades
 - Level 1.7 Dodging
 - Level 2.6 Stealth
 - Level 1.7 Spellcasting
 + Level 3.3 Hexes


You had 3 spell levels left.
You didn't know any spells.
Your spell library contained the following spells:

 Spells                   Type           Power      Damage    Failure   Level
 Ensorcelled Hibernation  Hex/Ice        14%        N/A       16%         2
 Confusing Touch          Hex            12%        N/A       16%         3
 Tukima's Dance           Hex            12%        N/A       16%         3
 Dazzling Flash           Conj/Hex       14%        N/A       30%         3


Dungeon Overview and Level Annotations

Branches:
Dungeon (1/15)


Innate Abilities, Weirdness & Mutations

You have an increased reservoir of magic. (+10% MP)
You shall have no god before yourself.
Your divine heritage dramatically boosts your attributes as you level up.


Message History

HP restored.
Things that are here:
a ball python skeleton; a hobgoblin skeleton You now have 26 gold pieces (gained 12).
f - 2 amethyst potions An endoplasm comes into view.
An endoplasm is nearby!
A rat comes into view.
An endoplasm comes into view.
The endoplasm quivers.
The endoplasm moves out of view.
Found two stone staircases leading down.
The helpless endoplasm fails to defend itself.
You puncture the endoplasm!
You kill the endoplasm!
You hit the rat.
You kill the rat!
A dart slug comes into view.
The endoplasm freezes you.
You are frozen.
You barely miss the endoplasm. The endoplasm closely misses you.
You hit the endoplasm.
The endoplasm is moderately wounded.
You hit the endoplasm.
You kill the endoplasm!
The dart slug launches a dart at you. The slug dart hits you.
You are too injured to fight recklessly!
You are too injured to fight recklessly!
The dart slug launches a dart at you. The slug dart hits you.
* * * LOW HITPOINT WARNING * * *
You start resting.
A dart slug is nearby!
You hit the dart slug.
The dart slug is moderately wounded.
You hit the dart slug but do no damage.
The dart slug is moderately wounded.
The dart slug bites you.
You die...

....!...........##
#.#.............#.
#.#..#..........#
####.........#...###
#....#.#...........#
###.##.......$########
#.w>........###
.#####w.#.## #.@...##
#.#.#.# ....>....
#.#.#.#.#.#
.............
#.#.#.#.#.#.#.# ##
####. ..## . .#


You could see a dart slug.

Vanquished Creatures
  A ball python (D:1)
  2 endoplasms (D:1)
  A goblin (D:1)
  A hobgoblin (D:1)
  A quokka (D:1)
  A frilled lizard (D:1)
  A rat (D:1)
8 creatures vanquished.

Notes
Turn   | Place    | Note
-------+----------+-------------------------------------------
     0 | D:1      | SnakkuSnakku7 the Demigod Enchanter began the quest for the
                  | Orb.
     0 | D:1      | Reached XP level 1. HP: 14/14 MP: 5/5
    92 | D:1      | Reached skill level 3 in Hexes
   413 | D:1      | Slain by a dart slug

Illustrated notes

Levels and vault maps discovered:
D:1:      dpeg_arrival_subterranean_lakeside_camping, layout_rooms, st_stairs_13

Skill      XL: |  1 |
---------------+----+-----
Hexes          | 3 |  3.3
Short Blades   | |  0.8
Dodging        | |  1.7
Stealth        | |  2.6
Spellcasting   | |  1.7

Action                   || total
-------------------------++-------
Melee: Dagger            ||    29
 Stab: Sleeping          ||     2
Armor: Robe              ||     1
Dodge: Dodged            ||    15
